 Dungeon Crawl Stone Soup version 0.29-a0-1027-gcd8c55af63 (webtiles) character file.

Game seed: 10355412109533840762

47731 jt the Blocker (level 12, -5/22 (106) HPs)
             Began as a Naga Hedge Wizard on Aug 12, 2022.
             Was the Champion of Ru.
             Killed from afar by a gargoyle (27 damage)
             ... with a stone arrow
             ... on level 11 of the Dungeon.
             The game lasted 01:39:10 (23545 turns).

jt the Blocker (Naga Hedge Wizard)                 Turns: 23545, Time: 01:39:11

HP:   -5/22 (106)   AC: 29    Str: 14    XL:     12   Next: 43%
MP:   34/34         EV:  6    Int: 20    God:    Ru [******]
Gold: 924           SH:  6    Dex: 11    Spells: 15/29 levels left

rFire   + + +      SeeInvis +   a - +2 flail (drain)
rCold   + + .      Faith    .   O - +0 buckler
rNeg    + + .      Spirit   .   s - +1 leather armour {rC+}
rPois   +          Reflect  .   T - +2 hat {rF+}
rElec   .          Harm     .   f - +0 cloak
rCorr   .          Rampage  +   e - +2 pair of gloves "Damnable Contraption" {Rampage rF+ rN+ MP+9}
Will    ++...                   Q - +4 barding of Vezehoy {rN+ Will+ Int-2}
Stlth   ++........              (no amulet)
HPRegen 0.07/turn               c - ring of protection from cold
MPRegen 0.24/turn               i - ring of Descent {rF+ AC+4 Int+4}

@: extremely drained, very slow
A: AC +4, large, see invisible, deformed body, poison resistance, slowness 2,
spit poison 1, inability to read while threatened 2, inability to train dodging,
unskilled 1, inexperienced 2, naga tail 1, antennae 1, iridescent scales 1
a: Spit Poison, Renounce Religion, Draw Out Power, Power Leap, Apocalypse


You were on level 11 of the Dungeon.
You worshipped Ru.
Ru was exalted by your worship.
You visited 2 branches of the dungeon, and saw 19 of its levels.
You also visited: Sewer, Ossuary, Ice Cave and Volcano.

You collected 1464 gold pieces.
You spent 540 gold pieces at shops.

Inventory:

Hand Weapons
 a - a +2 flail of draining (weapon)
 r - a +3 war axe of venom
 t - a +0 trident
 x - a +0 war axe
 I - a +0 flail of flaming
 Y - a +1 whip of electrocution
Missiles
 q - 15 poisoned darts
 K - 6 javelins
 N - 7 boomerangs
 R - 2 throwing nets
Armour
 e - the +2 pair of gloves "Damnable Contraption" (worn) {Rampage rF+ rN+ MP+9}
   (You found it in an ice cave)

   rF:        It protects you from fire.
   rN:        It protects you from negative energy.
   MP:        It affects your magic capacity (+9).
   Rampage:   It bestows one free step when moving towards enemies.
 f - a +0 cloak (worn)
 l - the +3 scale mail "Voixoc Epehe" {rF+ Dex+2}
   (You found it on level 8 of the Dungeon)

   Dex:       It affects your dexterity (+2).
   rF:        It protects you from fire.
 s - a +1 leather armour of cold resistance (worn)
 u - a +0 kite shield
 y - a +2 pair of gloves of strength
 O - a +0 buckler (worn)
 Q - the +4 barding of Vezehoy (worn) {rN+ Will+ Int-2}
   (You acquired it on level 9 of the Dungeon)

   Int:       It affects your intelligence (-2).
   rN:        It protects you from negative energy.
   Will:      It increases your willpower.
 T - a +2 hat of fire resistance (worn)
 Z - a +3 leather armour of fire resistance
Jewellery
 c - a ring of protection from cold (left hand)
 i - the ring of Descent (right hand) {rF+ AC+4 Int+4}
   (You acquired it on level 2 of the Dungeon)

   [ring of protection]

   AC:        It affects your AC (+4).
   Int:       It affects your intelligence (+4).
   rF:        It protects you from fire.
 j - the ring "Luughos" {rN+ Int+6}
   (You found it in an ice cave)

   [ring of intelligence]

   Int:       It affects your intelligence (+6).
   rN:        It protects you from negative energy.
 m - a +4 ring of evasion
 V - a ring of resist corrosion
Scrolls
 b - 2 scrolls of immolation
 n - 4 scrolls of vulnerability
 o - 9 scrolls of identify
 v - 9 scrolls of blinking
 B - 3 scrolls of poison
 C - 2 scrolls of butterflies
 F - a scroll of enchant armour
 M - 7 scrolls of teleportation
 P - 2 scrolls of magic mapping
 S - 2 scrolls of enchant weapon
 W - 3 scrolls of fear
 X - 3 scrolls of amnesia
Potions
 d - 2 potions of magic
 g - 3 potions of heal wounds
 k - a potion of ambrosia
 p - 7 potions of mutation
 D - 5 potions of curing
 G - 3 potions of cancellation
 H - 3 potions of attraction
 J - 4 potions of haste
 U - 3 potions of brilliance
Miscellaneous
 h - a condenser vane (inert)
 w - a box of beasts (inert)


   Skills:
 - Level 6.3 Fighting
 - Level 4.0 Maces & Flails
 + Level 6.3 Armour
 - Level 2.6 Stealth
 + Level 11.1 Shields
 + Level 9.0 Spellcasting
 + Level 9.2 Conjurations
 + Level 4.8 Hexes
 - Level 2.0 Summonings
 - Level 4.0 Translocations
 - Level 4.0 Air Magic
 - Level 4.0 Poison Magic
 - Level 5.0 Evocations


You had 15 spell levels left.
You knew the following spells:

 Your Spells              Type           Power      Damage    Failure   Level
a - Magic Dart            Conj           100%       1d8       1%          1
b - Blink                 Tloc           50%        N/A       3%          2
c - Call Imp              Summ           17%        N/A       7%          2
d - Mephitic Cloud        Conj/Pois/Air  32%        N/A       3%          3
e - Searing Ray           Conj           92%        2d7       1%          2
f - Fulminant Prism       Conj/Hex       18%        3d11      6%          4

Your spell library contained the following spells:

 Spells                   Type           Power      Damage    Failure   Level
 Slow                     Hex            100%       N/A       1%          1
 Conjure Flame            Conj/Fire      27%        6-21      4%          3
 Ensorcelled Hibernation  Hex/Ice        36%        N/A       6%          2
 Lesser Beckoning         Tloc           25%        N/A       6%          3
 Spider Form              Tmut/Pois      17%        N/A       14%         3
 Sublimation of Blood     Necr           9%         N/A       16%         2
 Ignite Poison            Fire/Tmut/Pois 14%        N/A       19%         3
 Anguish                  Hex/Necr       9%         N/A       36%         4
 Irradiate                Conj/Tmut      13%        3d16      41%         5
 Freezing Cloud           Conj/Ice/Air   13%        6-21      43%         5
 Manifold Assault         Tloc           25%        N/A       50%         5
 Petrify                  Tmut/Erth      9%         N/A       71%         4


Dungeon Overview and Level Annotations

Branches:
Dungeon (14/15)            Temple (0/1) D:6            Lair (5/5) D:8
  Swamp (0/4) Lair:3        Snake (0/4) Lair:3        Slime (0/5) Lair:4
  Sewer (visited)         Ossuary (visited)           IceCv (visited)
Volcano (visited)
    Orc: D:9-12      Vaults: D:13-14

Altars:
Cheibriados
Kikubaaqudgha
Nemelex Xobeh
Ru
Sif Muna
Trog
Uskayaw
Wu Jian
The Shining One

Shops:
D:3 (   D:7 ?*   D:9 [

Portals:
Trove: D:14 (give 14 potions of heal wounds)

Annotations:
D:5 Grinder
D:13 Nessos
D:14 3 runed translucent doors, Maiffull's ghost, journeyman TrMo
Lair:3 3 runed translucent doors, Koydelapt's ghost, journeyman GnFi
Lair:4 exclusion: 5 oklob plants


Innate Abilities, Weirdness & Mutations

Your serpentine skin is tough. (AC +4)
You have supernaturally acute eyesight. (SInv)
Armour fits poorly on your strangely shaped body.
Your system is resistant to poisons. (rPois)
You cover ground very slowly.
You can spit poison.
You sometimes lose the ability to read scrolls when taking damage.
You cannot train Dodging skill.
You are somewhat unskilled. (-1 Apt)
You are inexperienced. (-2 XL)
You have a snake-like lower body.
You have a pair of small antennae on your head.
You are partially covered in iridescent scales. (AC +2)


Message History

Here: a vampire The floor.
Activating: Apocalypse
Press: ? - help, Dir - look around, f - activate You reveal the great annihilating truth to your foes!
You kill the gnoll!
You kill the gnoll sergeant!
You destroy the vampire!
You kill the gnoll! x2
You feel drained.
You hear a shout!
Things that are here:
a +3 spear; a gnoll corpse You see here a +0 spear.
Things that are here:
a +0 trident; a +0 ring mail; a +0 kite shield You see here a +0 whip.
You start resting.
A cyclops comes into view.
You open the door.
Found a potion of haste.
There is an open door here.
J - 4 potions of haste (gained 1)
You feel less exhausted.
Found a stone staircase leading up.
There is a stone staircase leading up here.
You climb upwards.
Found a ring mail and Hoheu's Quarto of Creation.
Found a stone staircase leading down.
There is a stone staircase leading down here.
You open the lid... ...and a larval batsting beast flies out!
The box is emptied!
Your larval batsting beast hits the gargoyle.
Your larval batsting beast stings the gargoyle but does no damage.
The gargoyle hits your larval batsting beast with a +0 morningstar!!
Your larval batsting beast dies!
Your larval batsting beast's corpse disappears in a puff of smoke!
The gargoyle hurls a stone arrow at you.
The stone arrow hits you!!
Ouch! That really hurt!
You die...

...: ####...
#....[#
#.....+
#.....#
#..9..#
#####.ยง...#
#......>..#
#.....@...#
#.........#
#........>#
...........#
..#########..
. ... .... ..


You could see a gargoyle.

Vanquished Creatures
  A rockslime (IceCv)
  3 azure jellies (IceCv)
  4 quicksilver oozes (IceCv)
  4 hydras
  An ice dragon (D:14)
  Harold (D:9)
  2 boulder beetles
  A centaur warrior (D:14)
  2 two-headed ogres
  Pikel (D:4)
  A bog body (Lair:3)
  2 orange crystal statues (IceCv)
  A deep elf pyromancer (D:14)
  3 ugly things (D:14)
  A wolf spider (shapeshifter) (D:13)
  5 elephants (Lair:3)
  3 black mambas (Lair:4)
  A cyclops (D:14)
  2 gargoyles
  A cane toad (shapeshifter) (D:13)
  2 molten gargoyles (Volcano)
  9 cane toads
  A rime drake (Lair:3)
  An unseen horror (D:11)
  A yaktaur (Volcano)
  4 komodo dragons
  A troll (D:10)
  11 slime creatures (IceCv)
  2 hornets
  17 blink frogs
  A centaur simulacrum (D:14)
  A jumping spider (shapeshifter) (D:13)
  A vampire (D:12)
  14 yaks
  7 fire bats (Volcano)
  6 wyverns
  2 basilisks
  A steam dragon (D:6)
  3 nagas (Lair:3)
  An acid dragon (D:10)
  2 swamp worms (Lair:3)
  18 water moccasins
  9 black bears
  An ice beast (D:7)
  Pargi (Sewer)
  5 orc warriors
  2 sky beasts
  4 wolves (Lair:4)
  6 centaurs
  3 boggarts (D:14)
  4 great orb of eyes simulacra (IceCv)
  An ogre (D:4)
  2 lemures (D:4)
  2 phantoms
  6 slime creature simulacra (IceCv)
  Blork the orc (D:5)
  4 gnoll sergeants
  9 bullfrogs
  2 necrophages
  A wyvern zombie (D:6)
  3 scorpions
  2 glowing shapeshifter simulacra (IceCv)
  3 killer bees (D:9)
  2 howler monkeys
  3 electric eels
  4 lava snakes (Volcano)
  2 bullfrog zombies (D:6)
  A centaur skeleton (D:6)
  3 jellies
  6 orc priests
  3 hounds
  A bullfrog skeleton (D:6)
  3 iguanas
  8 orc wizards
  A killer bee zombie (D:6)
  2 mummies (Ossuary)
  A howler monkey skeleton (D:6)
  18 gnolls
  7 adders
  A shadow imp (D:7)
  6 adder zombies (Ossuary)
  4 worms
  3 dart slugs
  24 orcs
  5 endoplasms
  A giant cockroach (D:3)
  9 gnoll zombies (Ossuary)
  4 hobgoblins
  8 jackals
  3 quokkas
  8 ball pythons
  10 bats
  6 frilled lizards
  7 goblins
  2 hobgoblin zombies (Ossuary)
  11 kobolds
  8 kobold zombies (Ossuary)
  6 orc zombies (Ossuary)
  8 rats
  A butterfly (Lair:2)
417 creatures vanquished.

Vanquished Creatures (collateral kills)
  A centaur warrior (Volcano)
  A hell knight (Volcano)
  A cane toad (Lair:2)
  Eustachio (D:5)
4 creatures vanquished.

Vanquished Creatures (others)
  A bog body (Lair:3)
  A naga (Lair:3)
  A centaur (Volcano)
  A slime creature simulacrum (IceCv)
  A killer bee (D:9)
  2 lava snakes (Volcano)
  An orc wizard (D:8)
  An orc (D:8)
  15 fulminant prisms
  37 fungi
  52 plants
  2 withered plants (D:6)
115 creatures vanquished.

Grand Total: 536 creatures vanquished

Notes
Turn   | Place    | Note
-------+----------+-------------------------------------------
     0 | D:1      | jt the Naga Hedge Wizard began the quest for the Orb.
     0 | D:1      | Reached XP level 1. HP: 15/15 MP: 4/4
   260 | D:1      | Reached XP level 2. HP: 22/22 MP: 3/6
   273 | D:1      | Learned a level 2 spell: Blink
   276 | D:1      | Learned a level 2 spell: Call Imp
   574 | D:1      | Reached XP level 3. HP: 24/28 MP: 7/7
  1180 | D:2      | Found a faded altar of an unknown god.
  1189 | D:2      | Prayed at the altar of an unknown god.
  1189 | D:2      | Became a worshipper of Ru the Awakened
  1200 | D:2      | Gained mutation: You occasionally lose the ability to read
                  | scrolls when taking damage. [Ru sacrifice]
  1200 | D:2      | Gained mutation: You sometimes lose the ability to read
                  | scrolls when taking damage. [Ru sacrifice]
  1200 | D:2      | Reached * piety under Ru
  1387 | D:2      | Found a glowing golden altar of the Shining One.
  1391 | D:2      | Reached XP level 4. HP: 36/36 MP: 5/9
  1478 | D:2      | Identified a scroll of acquirement
  1478 | D:2      | Acquired the ring of Descent {rF+ AC+4 Int+4}
  2099 | D:3      | Found Cavuklim's Antique Weapon Shoppe.
  2126 | D:3      | Learned a level 3 spell: Mephitic Cloud
  2656 | D:4      | Noticed a phantom
  2691 | D:4      | Reached skill level 1 in Poison Magic
  2691 | D:4      | Reached XP level 5. HP: 29/42 MP: 7/10
  2865 | D:4      | Reached skill level 1 in Air Magic
  2966 | D:4      | Killed a phantom
  2967 | D:4      | Reached XP level 6. HP: 36/49 MP: 10/12
  3085 | D:4      | Noticed a black bear
  3102 | D:4      | Gained mutation: You are partially covered in iridescent
                  | scales. (AC +2) [potion of mutation]
  3102 | D:4      | Gained mutation: You have a pair of small antennae on your
                  | head. [potion of mutation]
  3107 | D:4      | Killed a black bear
  3113 | D:4      | Reached XP level 7. HP: 53/55 MP: 1/13
  3321 | D:4      | Noticed Pikel
  3345 | D:4      | Killed Pikel
  3346 | D:4      | Reached skill level 5 in Spellcasting
  3346 | D:4      | Reached XP level 8. HP: 55/62 MP: 7/16
  3483 | D:4      | Found a snail-covered altar of Cheibriados.
  3515 | D:5      | Entered Level 5 of the Dungeon
  3568 | D:5      | Gained mutation: You cannot train Dodging skill. [Ru
                  | sacrifice]
  3568 | D:5      | Reached ** piety under Ru
  3594 | D:5      | Noticed Blork the orc
  3622 | D:5      | Found an ornate altar of the Wu Jian Council.
  3658 | D:5      | Reached skill level 5 in Conjurations
  3667 | D:5      | Killed Blork the orc
  3711 | D:5      | Noticed Eustachio
  3754 | D:5      | Found a sand-covered staircase.
  3761 | Ossuary  | Entered an ossuary
  4152 | D:5      | Killed Eustachio
  4153 | D:5      | Reached skill level 1 in Fighting
  4153 | D:5      | Reached skill level 1 in Maces & Flails
  4153 | D:5      | Reached skill level 1 in Armour
  4210 | D:5      | Reached XP level 9. HP: 73/73 MP: 18/18
  4516 | D:5      | Noticed Grinder
  4983 | D:6      | Found a staircase to the Ecumenical Temple.
  5006 | D:6      | Reached skill level 5 in Fighting
  5115 | D:6      | Found a glowing drain.
  5124 | Sewer    | Entered a sewer
  5179 | Sewer    | Noticed Pargi
  5180 | Sewer    | Killed Pargi
  5985 | D:6      | Gained mutation: You are somewhat inexperienced. (-1 XL)
                  | [Ru sacrifice]
  5985 | D:6      | Reached XP level 8. HP: 78/78 MP: 17/17
  5985 | D:6      | Reached *** piety under Ru
  5985 | D:6      | Reached **** piety under Ru
  6509 | D:7      | Reached skill level 1 in Shields
  6627 | D:7      | Reached skill level 2 in Shields
  6771 | D:7      | Found Vem Zuehan's Magic Scroll Shoppe.
  6776 | D:7      | Bought a scroll of teleportation for 45 gold pieces
  6776 | D:7      | Bought a scroll of teleportation for 45 gold pieces
  6959 | D:7      | Found Intax's Fire Supplies.
  6983 | D:7      | Reached skill level 3 in Shields
  6983 | D:7      | Reached XP level 9. HP: 67/86 MP: 18/18
  6987 | D:7      | Bought a +1 hat of fire resistance for 192 gold pieces
  6997 | D:7      | Bought a scroll of immolation for 48 gold pieces
  7105 | D:7      | Reached skill level 4 in Shields
  7118 | D:7      | Noticed a two-headed ogre
  7140 | D:7      | Killed a two-headed ogre
  7141 | D:7      | Reached skill level 5 in Shields
  7834 | D:8      | Identified the +3 scale mail "Voixoc Epehe" {rF+ Dex+2}
  7860 | D:8      | Reached skill level 6 in Shields
  7964 | D:8      | Found a staircase to the Lair.
  8036 | D:8      | Found a shimmering blue altar of Sif Muna.
  8037 | D:8      | Noticed a gargoyle
  8058 | D:8      | Killed a gargoyle
  8059 | D:8      | Reached skill level 7 in Shields
  8496 | D:8      | Found a hide-covered altar of Uskayaw.
  8498 | D:8      | Found a sparkling altar of Nemelex Xobeh.
  8770 | D:8      | Found an ancient bone altar of Kikubaaqudgha.
  9021 | D:9      | Noticed a five-headed hydra
  9046 | Lair:1   | Entered Level 1 of the Lair of Beasts
  9052 | Lair:1   | Reached skill level 8 in Shields
  9193 | Lair:1   | Noticed a cane toad
  9201 | Lair:1   | Killed a cane toad
  9452 | Lair:1   | Gained mutation: You are somewhat unskilled. (-1 Apt) [Ru
                  | sacrifice]
  9452 | Lair:1   | Reduced skill Maces & Flails to level 1
  9452 | Lair:1   | Reduced skill Armour to level 1
  9452 | Lair:1   | Reduced skill Shields to level 7
  9452 | Lair:1   | Reduced skill Spellcasting to level 5
  9452 | Lair:1   | Reduced skill Translocations to level 1
  9452 | Lair:1   | Reached ***** piety under Ru
  9461 | Lair:1   | Noticed a cane toad
  9474 | Lair:1   | Killed a cane toad
  9475 | Lair:1   | Reached skill level 8 in Shields
  9475 | Lair:1   | Reached skill level 1 in Evocations
  9475 | Lair:1   | Reached XP level 10. HP: 37/92 MP: 18/18
 11131 | Lair:2   | Learned a level 2 spell: Searing Ray
 11349 | Lair:2   | Identified the +1 ring mail "Ubimm" {Contam Dex+4}
 11742 | Lair:2   | Identified the +7 long sword of the Old World {protect,
                  | rPois Int+3 Dex+2}
 11981 | Lair:2   | Gained mutation: You are inexperienced. (-2 XL) [Ru
                  | sacrifice]
 11981 | Lair:2   | Reached XP level 9. HP: 84/84 MP: 18/18
 11981 | Lair:2   | Reached ****** piety under Ru
 12300 | Lair:3   | Reached skill level 9 in Shields
 12434 | Lair:3   | Found a staircase to the Snake Pit.
 12453 | Lair:3   | Reached XP level 10. HP: 44/92 MP: 16/19
 12471 | Lair:3   | Noticed an eight-headed hydra
 12475 | Lair:3   | Killed an eight-headed hydra
 12476 | Lair:3   | Reached skill level 5 in Evocations
 12482 | Lair:3   | Found a dark tunnel.
 12507 | Volcano  | Entered a volcano
 13451 | Volcano  | Found a burning altar of Makhleb.
 13451 | Volcano  | Noticed a centaur warrior
 13460 | Volcano  | Killed a centaur warrior
 13464 | Volcano  | Noticed a hell knight
 13470 | Volcano  | Killed a hell knight
 14322 | Lair:3   | Found a runed translucent gate.
 14322 | Lair:3   | Found a runed translucent gate.
 14322 | Lair:3   | Found a runed translucent gate.
 14323 | Lair:3   | Noticed a 12-headed hydra
 14324 | Lair:3   | Noticed Koydelapt's ghost (journeyman GnFi)
 14982 | Lair:3   | Found a staircase to the Swamp.
 15629 | Lair:4   | Noticed a six-headed hydra
 15635 | Lair:4   | Killed a six-headed hydra
 15636 | Lair:4   | Reached skill level 10 in Shields
 16317 | Lair:4   | Reached XP level 11. HP: 93/94 MP: 19/22
 16650 | Lair:4   | Learned a level 4 spell: Fulminant Prism
 17442 | Lair:4   | Reached skill level 1 in Hexes
 17849 | Lair:4   | Found a staircase to the Slime Pits.
 18107 | Lair:5   | Entered Level 5 of the Lair of Beasts
 18548 | D:9      | Reached skill level 5 in Armour
 18825 | D:9      | Found Eptium's Antique Armour Shop.
 18833 | D:9      | Bought a pair of embroidered gloves for 210 gold pieces
 18847 | D:9      | Acquired the +4 barding of Vezehoy {rN+ Will+ Int-2}
 19004 | D:9      | Noticed Harold
 19035 | D:9      | Killed Harold
 19516 | D:10     | Entered Level 10 of the Dungeon
 19547 | D:10     | Found a bloodstained altar of Trog.
 20490 | D:11     | You fall into a shaft and drop 3 floors!
 20521 | D:14     | Found a portal to a secret trove of treasure.
 20797 | D:14     | Noticed an ice dragon
 20816 | D:14     | Killed an ice dragon
 20818 | D:14     | Found a frozen archway.
 20845 | IceCv    | Entered an ice cave
 21138 | IceCv    | Noticed a quicksilver ooze
 21158 | IceCv    | Killed a quicksilver ooze
 21566 | IceCv    | Noticed a quicksilver ooze
 21580 | IceCv    | Killed a quicksilver ooze
 21662 | IceCv    | Identified the +2 pair of gloves "Damnable Contraption"
                  | {Rampage rF+ rN+ MP+9}
 21667 | IceCv    | Identified the ring "Luughos" {rN+ Int+6}
 21759 | IceCv    | Noticed an azure jelly
 21890 | IceCv    | Noticed a quicksilver ooze
 21893 | IceCv    | Killed a quicksilver ooze
 21894 | IceCv    | Reached XP level 12. HP: 64/72 MP: 15/24
 21911 | IceCv    | Noticed a quicksilver ooze
 22147 | IceCv    | Noticed a rockslime
 22152 | IceCv    | Killed a rockslime
 22200 | IceCv    | Killed a quicksilver ooze
 22411 | IceCv    | Reached skill level 11 in Shields
 22593 | IceCv    | Noticed an azure jelly
 22595 | IceCv    | Killed an azure jelly
 22721 | IceCv    | Noticed an azure jelly
 22730 | IceCv    | Killed an azure jelly
 22848 | IceCv    | Noticed an azure jelly
 22860 | IceCv    | Killed an azure jelly
 22928 | IceCv    | Found a viscous altar of Jiyva.
 23186 | D:14     | Noticed an orc warlord
 23187 | D:14     | Found a runed translucent gate.
 23187 | D:14     | Found a runed translucent gate.
 23187 | D:14     | Noticed a tengu reaver
 23188 | D:14     | Noticed Maiffull's ghost (journeyman TrMo)
 23288 | D:13     | Noticed Nessos
 23409 | D:14     | Found a runed translucent gate.
 23545 | D:11     | Killed from afar by a gargoyle

Illustrated notes

Levels and vault maps discovered:
D:1:      mushboom_english_gardens, layout_basic, minivault_19
D:2:      layout_rooms, basic_altar, ebering_ecumenical_altar_abandoned
D:3:      layout_basic, serial_shops, nicolae_shop_trees
D:4:      layout_rooms, mainiacjoe_overflow_alcove_4, uniq_pikel
D:5:      kennysheep_windowed_halls, layout_loops_ring,
          mainiacjoe_overflow_24_doors, nicolae_ossuary_entry_monument,
          minmay_fractal_squares_diagonal_5, uniq_eustachio, uniq_grinder,
          uniq_blork_the_orc
D:6:      layout_layer_cave, minmay_temple_entry_tees, serial_undead,
          serial_undead_d, serial_undead_c, serial_undead_a, serial_undead_e,
          cheibrodos_sewer_entry_drain, minmay_misc_feat_roman,
          water_maze_lemuel
D:7:      layout_basic, serial_shops, shop_scrolls, st_stairs_2,
          nicolae_shop_fire_sale [nicolae_sub_dead_trees], corexii_checkpoint_b
D:8:      layout_basic, jmf_multi_god_temple,
          mainiacjoe_overflow_surrounded_room, mainiacjoe_overflow_boulevard,
          david_lair_generic, minmay_fountain_box,
          chequers_serial_rivers_micro_a
D:9:      layout_long_grid, serial_shops, nicolae_diamond_shop,
          nicolae_elevator_lobby_plus, uniq_harold
D:10:     layout_basic, trog_three_pillars_becter, serial_shops,
          nicolae_shop_behind_doors
D:11:     layout_gridville
D:12:     layout_basic, kennysheep_orc_monster_closet_entryway
D:13:     minmay_the_grid_triangle_9x9_rhombus_thin
          [minmay_the_grid_triangle_9x9_limited_checkers,
          minmay_the_grid_triangle_9x9_prize_center,
          minmay_the_grid_triangle_9x9_intruding_spiral,
          minmay_the_grid_triangle_9x9_zippers_horizontal],
          layout_irregular_city, david_vaults_2, serial_shops,
          nicolae_shop_overgrown_old_shop, uniq_nessos, uniq_jorgrun,
          uniq_maurice, uniq_rupert
D:14:     minmay_sliced_demisemicircle, layout_basic,
          portal_ice_cave_entry_dragon, nicolae_wu_jian_immortal_techniques,
          trove_entry_hex_spiral, gammafunk_ghost_split, grunt_tough_drop
Lair:1:   layout_layer_cave, cheibrodos_lair_caveside_slide
Lair:2:   layout_regular_city, cheibrodos_lair_reptile_den,
          infiniplex_staircase_pool, lemuel_fruit_fields
Lair:3:   layout_regular_city, nicolae_swamp_entry_splash_gauntlet,
          minmay_snake_entry_guardpost_small, gammafunk_ghost_hydra_chop,
          nicolae_volcano_entry_lava_flow
Lair:4:   layout_concentric_octagons, minmay_slime_entry_oklob_open,
          grunt_megastairs_5
Lair:5:   hangedman_lair_caniforms_friends, layout_gridlike,
          hangedman_lair_tendril_chambers, dreamdust_gnoll_shepherd

Skill      XL: |  1  2  3  4  5  6  7  8  9 10 11 12 |
---------------+-------------------------------------+-----
Summonings     | 2 |  2.0
Conjurations   | 2 3 4 5 7 8 9 |  9.2
Translocations | 2 4 3 |  4.0
Poison Magic   | 1 2 3 4 3 4 |  4.0
Air Magic      | 1 2 3 4 3 4 |  4.0
Spellcasting   | 4 5 6 5 7 8 9 |  9.0
Dodging        | 0 |  0.0
Fighting       | 7 6 |  6.3
Maces & Flails | 1 1 3 4 |  4.0
Armour         | 1 2 4 5 6 |  6.3
Shields        | 3 9 10 11 | 11.1
Stealth        | 2 |  2.6
Evocations     | 1 5 |  5.0
Hexes          | 3 4 |  4.8

Action                   |  1- 3 |  4- 6 |  7- 9 | 10-12 || total
-------------------------+-------+-------+-------+-------++-------
Melee: Dagger            |    25 |       |       |       ||    25
       Short sword       |    16 |    79 |   152 |       ||   247
       Whip              |       |       |   481 |   200 ||   681
       Punch             |       |       |     5 |       ||     5
       War axe           |       |       |    11 |       ||    11
       Flail             |       |       |       |   480 ||   480
Throw: Dart              |       |     5 |    27 |    14 ||    46
       Javelin           |       |       |       |     5 ||     5
 Cast: Magic Dart        |    33 |    37 |    64 |    86 ||   220
       Blink             |       |     2 |     4 |    23 ||    29
       Mephitic Cloud    |       |     3 |    36 |    83 ||   122
       Call Imp          |       |       |     6 |     2 ||     8
       Searing Ray       |       |       |       |    53 ||    53
       Fulminant Prism   |       |       |       |    15 ||    15
Invok: Sacrifice Words   |     1 |       |       |       ||     1
       Sacrifice Experie |       |       |     2 |       ||     2
       Sacrifice Nimblen |       |       |     1 |       ||     1
       Sacrifice Skill   |       |       |     1 |       ||     1
       Apocalypse        |       |       |       |    20 ||    20
       Draw Out Power    |       |       |       |     4 ||     4
 Abil: Spit Poison       |    13 |    17 |    52 |    86 ||   168
Evoke: Wand              |       |       |    12 |    12 ||    24
       Condenser vane    |       |       |       |     4 ||     4
       Box of beasts     |       |       |       |     3 ||     3
  Use: Scroll            |       |     7 |     8 |    11 ||    26
       Potion            |       |     6 |     6 |    13 ||    25
 Stab: Sleeping          |     2 |     2 |     9 |     3 ||    16
       Confused          |       |     1 |    12 |    28 ||    41
       Distracted        |       |       |     4 |     2 ||     6
       Invisible         |       |       |     2 |     4 ||     6
       Paralysed         |       |       |     5 |    16 ||    21
Armor: Robe              |     6 |       |       |       ||     6
       Leather armour    |    14 |    45 |   223 |   366 ||   648
       Skin              |       |       |     4 |       ||     4
Dodge: Dodged            |    46 |    89 |   350 |   368 ||   853
Block: Buckler           |       |       |    48 |   193 ||   241

Table legend: (Time is in decaauts)
 A = Elapsed time spent in this place.
 B = Non-inter-level travel time spent in this place.
 C = Inter-level travel time spent in this place.
 D = Time resting spent in this place.
 E = Time spent auto-exploring this place.
 F = Levels seen in this place.
 G = Mean time per level.
                   A        B        C        D        E       F      G
               +--------+--------+--------+--------+--------+-----+--------+
         Total |  28756 |  27775 |    981 |   6556 |  13161 |  23 | 1250.3 |
       Dungeon |  14307 |  13664 |    643 |   1433 |   7868 |  14 | 1021.9 |
          Lair |   9817 |   9479 |    338 |   2638 |   4767 |   5 | 1963.4 |
         Sewer |    284 |    284 |      0 |      9 |    174 |   1 |  284.0 |
       Ossuary |    414 |    414 |      0 |    144 |      0 |   1 |  414.0 |
      Ice Cave |   2467 |   2467 |      0 |   1342 |    265 |   1 | 2467.0 |
       Volcano |   1464 |   1464 |      0 |    989 |     86 |   1 | 1464.0 |
               +--------+--------+--------+--------+--------+-----+--------+

Top non-repeatable levels by time:
  Lair:3: 2949 daAuts
  Lair:4: 2790 daAuts
   IceCv: 2467 daAuts
  Lair:1: 2413 daAuts
     D:6: 2025 daAuts
     D:8: 1931 daAuts
  Lair:2: 1608 daAuts
     D:1: 1533 daAuts
 Volcano: 1464 daAuts
     D:7: 1393 daAuts
    D:10: 1207 daAuts
     D:9: 1150 daAuts
     D:4: 1138 daAuts
     D:5: 1092 daAuts
     D:3: 1050 daAuts
